 Dungeon Crawl Stone Soup version 0.18-a0-816-g97f838e (webtiles) character file.

743 homeworkjunkie the Chopper (level 7, -9/61 HPs)
             Began as a Hill Orc Fighter on Dec 15, 2015.
             Mangled by an ogre
             ... wielding a +0 giant club
              (20 damage)
             ... on level 4 of the Dungeon.
             The game lasted 00:08:55 (4001 turns).

homeworkjunkie the Chopper (Hill Orc Fighter)       Turns: 4001, Time: 00:08:55

Health: -9/61      AC:  9    Str: 21    XL:     7   Next: 76%
Magic:  7/7        EV:  6    Int:  8    God:
Gold:   297        SH: 10    Dex: 10    Spells: 0 memorised, 6 levels left

rFire  . . .     SeeInvis .     a - +2 war axe
rCold  . . .     Clarity  .     o - +0 chain mail
rNeg   . . .     SustAt   .     c - +0 shield
rPois  .         Gourm    .     (no helmet)
rElec  .         Spirit   .     (no cloak)
rCorr  .         Dismiss  +     (no gloves)
rMut   .         Stasis   .     (no boots)
MR     .....                    g - amulet of dismissal
Stlth  ..........               (no ring)
                                (no ring)

@: not resistant to hostile enchantments, extremely unstealthy
A: no striking features
a: no special abilities


You were on level 4 of the Dungeon.
You were not hungry.

You visited 1 branch of the dungeon, and saw 6 of its levels.

You collected 297 gold pieces.

Inventory:

Hand Weapons
 a - a +2 war axe (weapon)
Armour
 c - a +0 shield (worn)
 n - a +0 cloak
 o - a +0 chain mail (worn)
Jewellery
 g - an amulet of dismissal (around neck)
Wands
 j - a wand of fireball (0)
 k - a wand of confusion (16)
 p - a wand of confusion (0)
Scrolls
 d - a scroll of enchant armour {unknown}
 e - 4 scrolls of magic mapping
 f - a scroll of amnesia
 h - 3 scrolls of remove curse
 i - 2 scrolls of teleportation
 l - 2 scrolls of blinking
Comestibles
 b - a meat ration
 m - 2 bread rations


   Skills:
 * Level 5.2 Fighting
 * Level 5.8 Axes
 * Level 5.2 Armour
 + Level 2.2 Dodging
 - Level 0.3 Stealth
 * Level 5.5 Shields
 * Level 0.8 Evocations


You had 6 spell levels left.
You didn't know any spells.

Dungeon Overview and Level Annotations

Branches:
Dungeon (6/15)
 Temple: D:4-7

Altars:


Message History

* * * LOW HITPOINT WARNING * * *
You are too injured to fight recklessly!
You are too injured to fight recklessly!
You aren't carrying any potions.
You slash the ogre!
The ogre is severely wounded.
The ogre barely misses you.
You hit the ogre.
The ogre is severely wounded.
You block the ogre's attack.
You hit the ogre.
The ogre is almost dead.
You block the ogre's attack.
Your chain mail prevents you from hitting the ogre.
The ogre is almost dead.
You block the ogre's attack.
Your shield and chain mail prevent you from hitting the ogre.
The ogre is almost dead.
The ogre hits you with a giant club!!
You die...

#.... ..........##... ##...#
##..........##.
#....###.............##
#...##................#
#....................##
#....................#
#....................##
#.#...................#
##.#...@.........>...#..
####..#....O............##.
####....##.................###
####.......##................##
#
........##.##................#
#.
....######.###..............##
#. ....# #.# ################
#. ..### #.# . .## #.#


You could see an ogre.

Vanquished Creatures
  An ice beast (D:5)
  An ogre (D:4)
  A centaur (D:5)
  The ghost of ololoev the Chopper, an amateur DsGl (D:3)
  2 scorpions
  A crimson imp (D:5)
  An orc wizard (D:5)
  Crazy Yiuf (D:2)
  2 orc priests
  4 gnolls (D:5)
  4 adders
  2 shadow imps (D:5)
  A giant gecko (D:1)
  8 orcs
  7 bats
  10 hobgoblins
  3 jackals (D:1)
  2 quokkas
  A ball python (D:3)
  3 giant cockroaches
  6 giant newts
  8 goblins
  7 kobolds
  A quokka skeleton (D:4)
  3 rats
81 creatures vanquished.

Notes
Turn   | Place    | Note
--------------------------------------------------------------
     0 | D:1      | homeworkjunkie the Hill Orc Fighter began the quest for the Orb.
     0 | D:1      | Reached XP level 1. HP: 19/19 MP: 1/1
    60 | D:1      | Reached XP level 2. HP: 21/27 MP: 2/2
   235 | D:3      | Reached skill level 4 in Fighting
   235 | D:3      | Reached XP level 3. HP: 33/33 MP: 3/3
   397 | D:5      | Entered Level 5 of the Dungeon
   425 | D:5      | Noticed a scorpion
   433 | D:5      | Killed a scorpion
   433 | D:5      | Reached XP level 4. HP: 26/40 MP: 4/4
   604 | D:5      | Reached skill level 1 in Dodging
   618 | D:5      | Reached XP level 5. HP: 27/47 MP: 5/5
   852 | D:5      | Noticed a centaur
   870 | D:5      | Killed a centaur
  1015 | D:5      | Reached XP level 6. HP: 53/53 MP: 6/6
  1240 | D:5      | Reached skill level 5 in Shields
  1314 | D:5      | Reached skill level 5 in Fighting
  1346 | D:5      | Noticed a troll
  1648 | D:4      | Reached skill level 5 in Axes
  1648 | D:4      | Reached XP level 7. HP: 54/61 MP: 7/7
  3075 | D:2      | Noticed Crazy Yiuf
  3175 | D:2      | Killed Crazy Yiuf
  3537 | D:3      | Noticed ololoev's ghost (amateur DsGl)
  3844 | D:3      | Killed ololoev's ghost
  3844 | D:3      | Reached skill level 5 in Armour
  4001 | D:4      | Mangled by an ogre

Vault maps used:
D:1:      dpeg_arrival_shrine
D:2:      uniq_crazy_yiuf_cottage
D:3:      first_bread
D:5:      minivault_5
D:6:      minmay_temple_entry_butterflies, kennysheep_generic_room_12,
          uniq_pikel

Action                   |  1- 3 |  4- 6 |  7- 9 || total
-------------------------+-------+-------+-------++-------
Melee: War axe           |    71 |    63 |   139 ||   273
Evoke: Wand              |       |     9 |     4 ||    13
  Use: Scroll            |     3 |     6 |     3 ||    12
       Potion            |       |     4 |     5 ||     9
 Stab: Confused          |       |     1 |       ||     1
  Eat: Fruit             |       |     4 |       ||     4
       Bread ration      |       |     1 |       ||     1
       Beef jerky        |       |     1 |       ||     1
       Pizza             |       |       |     1 ||     1
